 Dungeon Crawl Stone Soup version 0.27.1-35-g4d5d836560 (webtiles) character file.

Game seed: 9526301214428278295

247 pkoi the Conjurer (level 5, -7/38 HPs)
             Began as a Demigod Conjurer on May 19, 2022.
             Mangled by a gnoll shaman (8 damage)
             ... on level 4 of the Dungeon.
             The game lasted 00:07:24 (5073 turns).

pkoi the Conjurer (Demigod Conjurer)                Turns: 5073, Time: 00:07:25

Health: -7/38      AC:  4    Str:  8    XL:     5   Next: 54%
Magic:  0/11       EV: 12    Int: 24    God:
Gold:   156        SH:  0    Dex: 12    Spells: 1/8 levels left

rFire    . . .     SeeInvis .   o - +1 short sword (freeze)
rCold    . . .     Faith    .   (no shield)
rNeg     . . .     Spirit   .   a - +0 robe
rPois    .         Reflect  .   (no helmet)
rElec    .         Harm     .   (no cloak)
rCorr    .         Rampage  .   t - +0 pair of gloves
Will     .....                  r - +0 pair of boots
Stlth    ++........             (no amulet)
HPRegen  0.12/turn              (no ring)
MPRegen  0.12/turn              (no ring)

@: mighty, brilliant
A: high mp 1, forlorn
a: no special abilities


You were on level 4 of the Dungeon.
You visited 1 branch of the dungeon, and saw 4 of its levels.

You collected 156 gold pieces.

Inventory:

Hand Weapons
 e - a +0 dagger
 n - a +0 whip of pain
 o - a +1 short sword of freezing (weapon)
Armour
 a - a +0 robe (worn)
 r - a +0 pair of boots (worn)
 t - a +0 pair of gloves (worn)
Jewellery
 g - a ring of ice
 j - a +4 ring of evasion
Scrolls
 c - 2 scrolls of blinking {unknown}
 f - 3 scrolls of identify {unknown}
 h - a scroll of fear {unknown}
 k - a scroll of enchant armour {unknown}
 l - 2 scrolls of enchant weapon {unknown}
 q - a scroll of teleportation {unknown}
Potions
 b - a potion of might
 i - 2 potions of mutation {unknown}
 m - a potion of heal wounds {unknown}
 p - a potion of resistance {unknown}
 s - a potion of degeneration {unknown}


   Skills:
 - Level 0.2 Fighting
 - Level 2.1 Dodging
 - Level 1.9 Stealth
 - Level 2.4 Spellcasting
 + Level 6.0 Conjurations


You had one spell level left.
You knew the following spells:

 Your Spells              Type           Power      Damage    Failure   Level
a - Magic Dart            Conj           100%       1d8       1%          1
b - Searing Ray           Conj           96%        3d7       1%          2
c - Iskenderun's Mystic   Conj/Tloc      26%        2d7       32%         4

Your spell library contained the following spells:

 Spells                   Type           Power      Damage    Failure   Level
 Foxfire                  Conj/Fire      100%       2x1d9     3%          1
 Beastly Appendage        Tmut           8%         N/A       12%         1
 Conjure Flame            Conj/Fire      26%        6-21      10%         3
 Dazzling Flash           Conj/Hex       52%        N/A       10%         3
 Wereblood                Tmut           4%         N/A       17%         2
 Fulminant Prism          Conj/Hex       13%        3d9       32%         4
 Inner Flame              Hex/Fire       4%         N/A       34%         3
 Spider Form              Tmut/Pois      2%         N/A       34%         3


Dungeon Overview and Level Annotations

Branches:
Dungeon (4/15)
 Temple: D:4-7


Innate Abilities, Weirdness & Mutations

Your attributes grow dramatically as you level up.
You have an increased reservoir of magic. (+10% MP)
You shall have no god before yourself.


Message History

The searing ray hits the scorpion.
The scorpion is almost dead.
The searing ray hits the gnoll shaman!
The gnoll shaman is heavily wounded.
The searing ray hits the gnoll!
The gnoll is severely wounded.
The searing ray hits the gnoll!
The gnoll is severely wounded. (Press . to maintain the ray.)
The gnoll shouts!
You feel sick. The scorpion stings you.
* * * LOW HITPOINT WARNING * * *
The scorpion stings you.
* * * LOW HITPOINT WARNING * * *
Unknown command.
The searing ray hits the scorpion!
You kill the scorpion!
The searing ray hits the gnoll shaman.
The gnoll shaman is heavily wounded.
The searing ray hits the gnoll.
You kill the gnoll!
The searing ray hits the gnoll.
You kill the gnoll!
* * * LOW HITPOINT WARNING * * *
You feel sick.
Your Conjurations skill increases to level 6!
* * * LOW HITPOINT WARNING * * *
You feel sick.
It was a potion of might.
You feel very mighty all of a sudden.
* * * LOW HITPOINT WARNING * * *
You feel sick.
The gnoll shaman hits you but does no damage.
It was a potion of brilliance.
You feel clever all of a sudden.
* * * LOW HITPOINT WARNING * * *
You feel sick.
You are no longer poisoned.
The gnoll shaman hits you with a +0 club!
You die...

.#.#............# #.# ....
.#.#............# #.# ...
.#.#............# #.# ..
##.####.........# #.# #
..# #...###### ##'#####
### #...# #......#
#####...# #......#
........###########......#
.........)gg†g@...#......#
....)...#########.#......#
....g...#####...# #......#
.....#..........# #......#
.....#..........# #......#
.... #..........#.#...<..#
... #..........#.#......#
... #..........'.#......#
#####+##...###......#


You could see a gnoll shaman and 2 gnolls.

Vanquished Creatures
  A scorpion (D:4)
  An orc wizard (D:3)
  A killer bee zombie (D:4)
  3 gnolls (D:4)
  5 adders
  6 orcs (D:3)
  11 ball pythons
  5 endoplasms
  3 giant cockroaches
  2 goblins
  6 hobgoblins
  3 quokkas
  2 bats
  5 frilled lizards
  8 kobolds
  2 rats
64 creatures vanquished.

Vanquished Creatures (others)
  An orc wizard (D:3)
  12 toadstools (D:3)
13 creatures vanquished.

Grand Total: 77 creatures vanquished

Notes
Turn   | Place    | Note
-------+----------+-------------------------------------------
     0 | D:1      | pkoi the Demigod Conjurer began the quest for the Orb.
     0 | D:1      | Reached XP level 1. HP: 14/14 MP: 5/5
   480 | D:1      | Reached XP level 2. HP: 20/20 MP: 2/7
   492 | D:1      | Reached skill level 4 in Conjurations
  1310 | D:2      | Reached XP level 3. HP: 26/26 MP: 6/8
  2609 | D:3      | Reached XP level 4. HP: 33/33 MP: 7/10
  3567 | D:3      | Learned a level 2 spell: Searing Ray
  3572 | D:3      | Learned a level 4 spell: Iskenderun's Mystic Blast
  4045 | D:3      | Reached skill level 5 in Conjurations
  5055 | D:4      | Reached XP level 5. HP: 38/38 MP: 6/11
  5071 | D:4      | Reached skill level 6 in Conjurations
  5073 | D:4      | HP: 1/38 [poisoned by a scorpion]
  5073 | D:4      | Mangled by a gnoll shaman

Illustrated notes

Levels and vault maps discovered:
D:1:      saegor_arrival_simple_c, layout_rooms, ebering_ecumenical_altar_hall
D:2:      layout_loops_ring, minmay_heptomino_l4
D:3:      cheibrodos_fertilizer, layout_basic, led_sif_book,
          general_overflow_altar, minmay_statues_item, serial_bayou_pond_b
D:4:      layout_basic

Skill      XL: |  1  2  3  4  5 |
---------------+----------------+-----
Spellcasting   | 2 |  2.4
Conjurations   | 4 5 6 |  6.0
Dodging        | 2 |  2.1
Fighting       | |  0.2
Stealth        | |  1.9

Action                   |  1- 3 |  4- 6 || total
-------------------------+-------+-------++-------
Melee: Dagger            |    11 |       ||    11
       Whip              |     1 |       ||     1
       Short sword       |       |     5 ||     5
 Cast: Magic Dart        |    85 |    43 ||   128
       Searing Ray       |       |     3 ||     3
  Use: Potion            |       |     2 ||     2
Armor: Robe              |     3 |     3 ||     6
Dodge: Dodged            |    11 |    11 ||    22
